 Dungeon Crawl Stone Soup version 0.22-a0-44-geb883ae61c (webtiles) character file.

68 MrRokkomies the Vexing (level 4, -6/31 HPs)
             Began as a Vampire Arcane Marksman on Jan 6, 2018.
             Mangled by Sigmund
             ... wielding a +0 scythe
              (7 damage)
             ... on level 2 of the Dungeon.
             The game lasted 00:04:55 (1365 turns).

MrRokkomies the Vexing (Vampire Arcane Marksman)    Turns: 1365, Time: 00:04:55

Health: -6/31      AC:  7    Str:  9    XL:     4   Next: 1%
Magic:  4/5        EV: 10    Int: 16    God:
Gold:   45         SH:  0    Dex: 14    Spells: 2/5 levels left

rFire    . . .     SeeInvis +   a - +0 hand crossbow
rCold    . . .     Gourm    .   (no shield)
rNeg     + + .     Faith    .   l - +0 ring mail
rPois    .         Spirit   .   m - +1 helmet
rElec    .         Reflect  .   (no cloak)
rCorr    .         Harm     .   (no gloves)
MR       .....                  (no boots)
Stlth    ..........             (no amulet)
HPRegen  0.10/turn              g - ring of positive energy
MPRegen  0.09/turn              (no ring)

@: confused
A: fangs 3, see invisible, unbreathing
a: Bat Form


You were on level 2 of the Dungeon.
You were not thirsty.

You visited 1 branch of the dungeon, and saw 2 of its levels.

You collected 45 gold pieces.

Inventory:

Hand Weapons
 a - a +0 hand crossbow (weapon)
 b - a +0 spear
Missiles
 d - 4 bolts (quivered)
Armour
 f - a +0 robe
 l - a +0 ring mail (worn)
 m - a +1 helmet (worn)
Jewellery
 g - a ring of positive energy (left hand)
Scrolls
 i - a scroll of identify
Potions
 e - a potion of blood
 h - a potion of resistance
Books
 c - a book of Debilitation

   Spells                             Type                      Level
   a - Corona                         Hexes                        1
   b - Slow                           Hexes                        2
   c - Inner Flame                    Hexes/Fire                   3
   d - Portal Projectile              Hexes/Translocation          3
   e - Cause Fear                     Hexes                        4
   f - Leda's Liquefaction            Hexes/Earth                  4


   Skills:
 - Level 0.8 Fighting
 * Level 2.7 Crossbows
 - Level 2.1 Dodging
 - Level 1.0 Spellcasting
 * Level 5.9 Hexes


You had 2 spell levels left.
You knew the following spells:

 Your Spells              Type           Power        Failure   Level  Hunger
a - Corona                Hex            ###....      5%          1    ##.....
b - Slow                  Hex            ###.....     9%          2    ###....


Dungeon Overview and Level Annotations

Branches:
Dungeon (2/15)

Altars:

Annotations:
D:2 Sigmund


Innate Abilities, Weirdness & Mutations

You have razor-sharp teeth.
You have supernaturally acute eyesight. (SInv)
You can survive without breathing.


Message History

Press: ? - help, Shift-Dir - straight line, f/p - Sigmund
Aim: Sigmund, wielding a scythe and wearing a robe (severely wounded)
You shoot a bolt. Sigmund casts a spell at you. The magic dart hits you!
* * * LOW HITPOINT WARNING * * *
Firing (i - inventory):
d - 6 bolts (quivered)
Press: ? - help, Shift-Dir - straight line, f/p - Sigmund
Aim: Sigmund, wielding a scythe and wearing a robe (severely wounded)
You shoot a bolt.
You feel less confused. Sigmund gestures at you while chanting.
You are confused.
Sigmund closely misses you.
Firing (i - inventory):
d - 5 bolts (quivered)
Press: ? - help, Shift-Dir - straight line, f/p - Sigmund
Aim: Sigmund, wielding a scythe and wearing a robe (severely wounded)
You shoot a bolt.
Sigmund hits you from afar with a scythe!
You die...

#... ###...
#### ......
..$ #...## #.#
.##....###.#
#..>...(...#
##...#.@#..#
#.##.#.†#..#
.....#.@#.[#
.......)..(#
..##.#..#.##
...#..#(# ..##
#(.#.# .
#.(#.# .
#..#.#
...####..#.#
...........###


You could see Sigmund.

Vanquished Creatures
  3 gnolls (D:2)
  An ooze (D:1)
  2 dart slugs (D:1)
  2 ball pythons (D:1)
  4 bats (D:1)
  A giant cockroach (D:2)
  A goblin (D:1)
  A hobgoblin (D:1)
  6 jackals (D:1)
  A quokka (D:2)
  2 frilled lizards
  5 kobolds
  A rat (D:1)
30 creatures vanquished.

Notes
Turn   | Place    | Note
-------+----------+-------------------------------------------
     0 | D:1      | MrRokkomies the Vampire Arcane Marksman began the quest for the Orb.
     0 | D:1      | Reached XP level 1. HP: 14/14 MP: 2/2
   194 | D:1      | Reached XP level 2. HP: 9/20 MP: 0/3
   219 | D:1      | Reached skill level 5 in Hexes
   432 | D:1      | Learned a level 2 spell: Slow
   580 | D:1      | Reached XP level 3. HP: 21/25 MP: 4/4
  1052 | D:2      | Reached XP level 4. HP: 10/31 MP: 5/5
  1343 | D:2      | Noticed Sigmund
  1363 | D:2      | HP: 1/31 [Sigmund/magic dart (6)]
  1365 | D:2      | Mangled by Sigmund

Vault maps used:
D:1:      mainiacjoe_arrival_reflecting_pool
D:2:      uniq_sigmund

Skill      XL: |  1  2 |
---------------+-------+-----
Crossbows      | 2 |  2.7
Hexes          | 5 |  5.9
Fighting       | |  0.8
Dodging        | |  2.1
Spellcasting   | |  1.0

Action                   |  1- 3 |  4- 6 || total
-------------------------+-------+-------++-------
Melee: Unarmed           |     9 |       ||     9
       Bite              |     4 |       ||     4
       Dagger            |    29 |       ||    29
       Spear             |       |     8 ||     8
 Fire: Hand crossbow     |    47 |    11 ||    58
 Cast: Corona            |    18 |     2 ||    20
  Use: Scroll            |     4 |     1 ||     5
       Potion            |     2 |       ||     2
 Stab: Sleeping          |     1 |       ||     1
  Eat: Corpse            |     2 |       ||     2
Armor: Robe              |    11 |       ||    11
       Skin              |     7 |       ||     7
       Ring mail         |       |     8 ||     8
Dodge: Dodged            |    47 |     6 ||    53

Table legend:
 A = Spawn XP
 B = Non-spawn XP
 C = Spawn XP percentage of total XP
 D = Spawn monster count
 E = Non-spawn monster count
 F = Spawn count percentage of total count
 G = Total turns spent on level
                    A         B        C        D         E        F      G
               +---------+---------+-------+---------+---------+-------+---------
         Total |       0 |      98 |   0.0 |       0 |      30 |   0.0 |  1365
               +---------+---------+-------+---------+---------+-------+---------
           D:1 |       0 |      47 |   0.0 |       0 |      22 |   0.0 |   958
           D:2 |       0 |      51 |   0.0 |       0 |       8 |   0.0 |   407
               +---------+---------+-------+---------+---------+-------+---------
